AoeStats
← Coyunto90

Northern Isles

510595535Analyzed
1v1 RM · 1d ago on Oct 1, 2026· 82m 9s· 2 players
Game mode
Random Map
Map size
Tiny (2 player)
Population
200
Speed
Normal
Resources
Standard
Victory
Conquest
Starting age
Dark Age
Ending age
Imperial Age
RankedLock teamsTeams togetherTeam positionsShared explorationLock speedFull tech treeHidden civsTurbo modeCheats
Victory
Defeat
🇪🇸 Vikings · Spain
1137
+15
🇧🇷 Italians · Brazil
1126
-15
vascoduro
5:29 Loom
10:58 Feudal Age
11:45 Double-Bit Axe
11:55 Fishing Lines
12:36 Town Watch
13:01 Gold Mining
15:48 Wheelbarrow
16:33 Fletching
19:48 Castle Age
18:44 Padded Archer Armor
18:59 Horse Collar
19:13 Stone Mining
20:49 Medium Warships
20:41 Town Patrol
20:45 Bodkin Arrow
21:18 Bow Saw
20:44 Demolition Ship
21:15 Gillnets
23:05 Hand Cart
23:28 Stone Shaft Mining
23:37 Heavy Plow
24:03 Clinker Construction
25:23 Careening
27:02 Ballistics
34:24 Imperial Age
33:19 Pikeman
34:01 Scale Mail Armor
34:46 Heated Shot
36:19 Chemistry
36:26 Dry Dock
37:03 Pirotechnia
36:38 Treadmill Crane
38:43 Bracer
39:22 Carvel Hull
40:10 Heavy Warships
41:34 Two-Man Saw
41:04 Conscription
42:17 Shipwright
44:11 Siphons
44:31 Masonry
44:54 Leather Archer Armor
44:46 Elite Cannon Galleon
49:34 Incendiaries
54:08 Elite Skirmisher
60:15 Onager
65:18 Architecture
67:28 Bombard Tower
70:28 Murder Holes
74:44 Light Cavalry
75:35 Bloodlines
Coyunto90
10:04 Loom
12:21 Feudal Age
13:05 Double-Bit Axe
13:34 Fishing Lines
15:22 Fletching
15:51 Town Watch
20:00 Castle Age
19:23 Gold Mining
20:57 Medium Warships
21:25 Gillnets
22:40 Bodkin Arrow
26:56 Horse Collar
27:35 Bow Saw
27:56 Ballistics
28:08 Clinker Construction
32:06 Scale Barding Armor
35:51 Imperial Age
34:03 Heavy Plow
36:39 Bracer
37:41 Chemistry
36:08 Elite Longship
37:50 Siege Engineers
38:12 Scale Mail Armor
42:42 Chain Mail Armor
42:38 Forging
43:26 Conscription
43:07 Bogsveigar
43:53 Carvel Hull
44:59 Careening
44:29 Crossbowman
45:10 Padded Archer Armor
45:41 Plate Mail Armor
45:16 Chieftains
46:11 Iron Casting
45:31 Arbalester
46:28 Leather Archer Armor
48:07 Dry Dock
47:38 Elite Berserk
48:16 Arrowslits
49:20 Heavy Warships
55:44 Ring Archer Armor
56:26 Capped Ram
58:08 Ring Archer Armor
57:03 Elite Skirmisher
59:40 Blast Furnace
58:40 Siege Ram
71:06 Squires
72:13 Light Cavalry
Connection lost

Rejoining the realm…

Still unreachable

The connection could not be restored.

Session expired

The server has moved on; the page needs a fresh start.